 Dungeon Crawl Stone Soup version 0.16.2-12-gd0ad4c3 (webtiles) character file.

507 SomethingHappened the Chiller (level 7, -6/46 HPs)
             Began as a Merfolk Ice Elementalist on Sept 13, 2015.
             Was an Initiate of Kikubaaqudgha.
             Mangled by a centaur (7 damage)
             ... on level 5 of the Dungeon.
             The game lasted 00:20:33 (4942 turns).

SomethingHappened the Chiller (MfIE)                Turns: 4942, Time: 00:20:33

Health: -6/46      AC:  3    Str:  9    XL:     7   Next: 18%
Magic:  10/18      EV: 12    Int: 16    God:    Kikubaaqudgha [......]
Gold:   91         SH:  0    Dex: 14    Spells: 4 memorised, 6 levels left

rFire  + . .     SeeInvis .     o - +3 mace (venom)
rCold  + . .     Clarity  .     a - +0 robe
rNeg   . . .     SustAb   .     (no shield)
rPois  +         Gourm    .     (no helmet)
rElec  +         Spirit   .     i - +0 cloak
rCorr  +         Warding  .     (no gloves)
rMut   .         Stasis   .     (no boots)
MR     +....                    (no amulet)
Stlth  ++........               e - ring of protection from magic
                                n - ring of invisibility

@: resistant, drained, somewhat resistant to hostile enchantments, unstealthy
A: change form in water, swift swim
a: Renounce Religion, Evoke Invisibility


You were on level 5 of the Dungeon.
You worshipped Kikubaaqudgha.
Kikubaaqudgha was noncommittal.
You were not hungry.

You visited 2 branches of the dungeon, and saw 6 of its levels.

You collected 91 gold pieces.

Inventory:

Hand weapons
 o - a +3 mace of venom (weapon)
Missiles
 j - 19 bolts
 k - 5 steel tomahawks (quivered)
Armour
 a - a +0 robe (worn)
 i - a +0 cloak (worn)
Jewellery
 e - a ring of protection from magic (right hand)
 n - a ring of invisibility (left hand)
Magical devices
 d - a wand of frost (10)
 f - a wand of teleportation (2)
 g - a wand of digging (16)
 y - a wand of magic darts (29)
Scrolls
 l - 2 scrolls of amnesia
 p - 4 scrolls of remove curse
 q - a scroll of blinking
 v - a scroll of noise {unknown}
 z - 2 scrolls of recharging {unknown}
 C - a scroll of magic mapping {unknown}
 D - a scroll of teleportation
Potions
 h - 3 potions of flight
 m - a potion of cancellation {unknown}
 r - a potion of ambrosia {unknown}
 s - a potion of heal wounds {unknown}
 u - a potion of lignification {unknown}
 w - 2 potions of resistance
 x - a potion of restore abilities {unknown}
 A - a potion of mutation {unknown}
Books
 b - a book of Frost

   Spells                             Type                      Level
   a - Freeze                         Ice                          1
   b - Throw Frost                    Conjuration/Ice              2
   c - Ozocubu's Armour               Charms/Ice                   3
   d - Throw Icicle                   Conjuration/Ice              4
   e - Summon Ice Beast               Ice/Summoning                4
   f - Condensation Shield            Ice                          4
 B - a Young Poisoner's Handbook

   Spells                             Type                      Level
   a - Sting                          Conjuration/Poison           1
   b - Cure Poison                    Poison                       2
   c - Mephitic Cloud                 Conjuration/Poison/Air       3
   d - Olgreb's Toxic Radiance        Poison                       4
   e - Venom Bolt                     Conjuration/Poison           5
Comestibles
 c - 2 bread rations


   Skills:
 - Level 2.6(2.3) Dodging
 - Level 2.1(1.8) Stealth
 - Level 5.3(4.9) Spellcasting
 - Level 0.7(0.4) Conjurations
 * Level 6.3(6.0) Ice Magic


You had 6 spell levels left.
You knew the following spells:

 Your Spells              Type           Power        Failure   Level  Hunger
a - Freeze                Ice            ###.         1%          1    None
b - Throw Frost           Conj/Ice       ##....       10%         2    ##.....
c - Throw Icicle          Conj/Ice       ##......     50%         4    ####...
d - Ozocubu's Armour      Chrm/Ice       ##......     14%         3    ###....


Dungeon Overview and Level Annotations

Branches:
Dungeon (5/15)             Temple (1/1) D:5

Altars:
Ashenzari
Dithmenos
Elyvilon
Gozag
Kikubaaqudgha
Okawaru
Qazlal
Ru
Sif Muna
Trog
Vehumet
Xom
Yredelemnul
The Shining One

Annotations:
D:3 Sigmund
D:4 Burgundious' ghost, experienced DrTm; Dowan; Duvessa


Message History

Aim: a centaur (moderately wounded)
The puff of frost hits the centaur.
The centaur is severely wounded.
The centaur misses you. The centaur hits you!
* * * LOW HITPOINT WARNING * * *
Casting: Throw Frost
Confirm with . or Enter, or press ? or * to list all spells.
Aiming: Throw Frost
Press: ? - help, Shift-Dir - straight line, f/p - centaur
Aim: a centaur (severely wounded)
The puff of frost hits the centaur.
The centaur is almost dead.
The centaur hits you.
* * * LOW HITPOINT WARNING * * *
Drink which item? (? for menu, Esc to quit)
It was a potion of resistance.
You feel protected. The centaur hits you!
You die...
Kikubaaqudgha rasps: "You have failed me!
Welcome... death!"

### ##..## #..c.#
#...@# ## #....#####
##.##
#....(...####...##
#.....>..........###
#........##......#...
##..#....##..(.......
##.#..(###.#........
#.##...##......._.#
#..##...###...#ยง..#


You could see a centaur.

Vanquished Creatures
  Eustachio (D:4)
  Crazy Yiuf (D:2)
  A hound (D:4)
  An iguana (D:4)
  An orc priest (D:5)
  An orc wizard (D:4)
  A worker ant (D:5)
  Terence (D:2)
  A hound zombie (D:5)
  Robin (D:2)
  4 adders
  A shadow imp (D:5)
  A giant mite (D:5)
  4 worms
  2 giant geckos
  7 orcs
  19 goblins
  10 hobgoblins
  6 jackals (D:2)
  5 kobolds
  11 bats
  3 giant newts
  4 quokkas
  12 rats
99 creatures vanquished.

Notes
Turn   | Place    | Note
--------------------------------------------------------------
     0 | D:1      | SomethingHappened, the Merfolk Ice Elementalist, began the quest for the Orb.
     0 | D:1      | Reached XP level 1. HP: 13/13 MP: 3/3
   421 | D:1      | Reached XP level 2. HP: 17/19 MP: 0/5
   458 | D:1      | Learned a level 2 spell: Throw Frost
  1024 | D:1      | Reached XP level 3. HP: 24/24 MP: 5/8
  1189 | D:2      | Noticed Crazy Yiuf
  1400 | D:2      | Found a sacrificial altar of Ru.
  1948 | D:3      | Noticed Sigmund
  2024 | D:2      | Noticed Robin
  2106 | D:2      | Killed Robin
  2106 | D:2      | Reached XP level 4. HP: 22/30 MP: 8/10
  2329 | D:2      | Killed Crazy Yiuf
  2329 | D:2      | Reached skill level 4 in Spellcasting
  2484 | D:2      | Reached XP level 5. HP: 35/35 MP: 13/13
  2485 | D:2      | Noticed Terence
  2503 | D:2      | Killed Terence
  3492 | D:4      | Noticed an ogre
  3533 | D:4      | Reached XP level 6. HP: 30/41 MP: 6/16
  3559 | D:4      | Noticed Duvessa
  3560 | D:4      | Noticed Dowan
  3788 | D:3      | Found a radiant altar of Vehumet.
  3935 | D:4      | Reached skill level 5 in Ice Magic
  4243 | D:4      | Noticed Eustachio
  4252 | D:4      | Killed Eustachio
  4252 | D:4      | Reached skill level 5 in Spellcasting
  4260 | D:4      | Learned a level 4 spell: Throw Icicle
  4275 | D:4      | Noticed Burgundious' ghost (experienced DrTm)
  4279 | D:5      | Entered Level 5 of the Dungeon
  4571 | D:5      | Found a staircase to the Ecumenical Temple.
  4584 | D:5      | Reached XP level 7. HP: 41/46 MP: 0/18
  4589 | D:5      | Learned a level 3 spell: Ozocubu's Armour
  4593 | Temple   | Entered the Ecumenical Temple
  4638 | Temple   | Became a worshipper of Kikubaaqudgha
  4707 | D:5      | Reached skill level 6 in Ice Magic
  4919 | D:5      | Found a shadowy altar of Dithmenos.
  4941 | D:5      | HP: 1/46 [centaur (6)]
  4942 | D:5      | Mangled by a centaur

Action                   |  1- 3 |  4- 6 |  7- 9 || total
-------------------------+-------+-------+-------++-------
Melee: Unarmed           |     3 |       |       ||     3
       Mace              |    12 |    44 |    11 ||    67
 Cast: Freeze            |    42 |    52 |    10 ||   104
       Throw Frost       |    34 |    32 |    15 ||    81
Evoke: Wand              |       |     2 |       ||     2
  Use: Scroll            |     8 |     3 |       ||    11
       Potion            |       |     1 |     1 ||     2
 Stab: Sleeping          |       |     1 |     1 ||     2
  Eat: Chunk             |     5 |     7 |       ||    12
       Meat ration       |       |     1 |       ||     1
